 Dungeon Sprint DCSS version 0.29-a0-973-gac7da5f7f0 (webtiles) character file.

Game seed: 11703937524124220396

6636 mhtbhm the Impaler (level 11, -3/98 HPs)
             Began as a Merfolk Gladiator on July 31, 2022.
             Was an Initiate of Gozag.
             Asphyxiated
             ... in the Dungeon (Sprint IX: "|||||||||||||||||||||||||||||").
             The game lasted 00:03:30 (1323 turns).

mhtbhm the Impaler (Merfolk Gladiator)              Turns: 1323, Time: 00:03:32

Health: -3/98      AC: 17    Str: 19    XL:     11   Next: 2%
Magic:  11/11      EV: 12    Int: 11    God:    Gozag
Gold:   2895       SH:  0    Dex: 15    Spells: 10/10 levels left

rFire   . . .      SeeInvis .   a - +2 halberd (protect)
rCold   . . .      Faith    .   (shield currently unavailable)
rNeg    . . .      Spirit   .   b - +1 chain mail
rPois   .          Reflect  .   c - +0 helmet
rElec   .          Harm     .   o - +0 cloak
rCorr   .          Rampage  .   (no gloves)
Will    .....      NoTele   +   n - +0 pair of boots
Stlth   ++........              (no amulet)
HPRegen 0.26/turn               p - +3 ring of intelligence
MPRegen 0.12/turn               q - +2 ring of protection

@: lethally poisoned (-3 -> -9), slowed, very slow
A: (nimble swimmer 2), mertail
a: Renounce Religion, Potion Petition, Call Merchant, Bribe Branch


You were in the Dungeon.
You worshipped Gozag.
Gozag was most pleased with you.
You visited 1 branch You collected 3285 gold pieces.
You paid 390 gold pieces to Gozag.

Inventory:

Hand Weapons
 a - a +2 halberd of protection (weapon)
Missiles
 v - a javelin (quivered)
 w - 5 silver boomerangs
Armour
 b - a +1 chain mail (worn)
 c - a +0 helmet (worn)
 n - a +0 pair of boots (worn)
 o - a +0 cloak (worn)
Jewellery
 p - a +3 ring of intelligence (left hand)
 q - a +2 ring of protection (right hand)
Scrolls
 k - a scroll of blinking
 l - 2 scrolls of amnesia
 r - 2 scrolls of identify
 s - 2 scrolls of enchant weapon
 t - 4 scrolls of enchant armour
 u - a scroll of fear
Potions
 f - 6 potions of curing
 g - 5 potions of heal wounds
 h - a potion of berserk rage
 i - 4 potions of magic
 j - a potion of invisibility
 m - 2 potions of haste
Miscellaneous
 e - a piece from Xom's chessboard (11/15)


   Skills:
 + Level 13.2 Fighting
 + Level 20.3 Polearms
 + Level 4.7 Throwing
 + Level 6.2 Armour
 + Level 12.7 Dodging
 + Level 11.0 Stealth
 + Level 5.8 Evocations


You had 10 spell levels left.
You didn't know any spells.
Your spell library contained the following spells:

 Spells                   Type           Power      Damage    Failure   Level
 Shock                    Conj/Air       0%         1d3       98%         1
 Swiftness                Air            0%         N/A       100%        3
 Airstrike                Air            0%         0-1+      100%        4


Dungeon Overview and Level Annotations

Branches:
Dungeon (1/1)

Altars:
Cheibriados
Dithmenos
Elyvilon
Fedhas
Gozag
Hepliaklqana
Kikubaaqudgha
Makhleb
Nemelex Xobeh
Okawaru
Qazlal
Ru
Sif Muna
Trog
Uskayaw
Vehumet
Wu Jian
Xom
Yredelemnul
Zin
The Shining One
Jiyva
Lugonu

Annotations:
D Sonja


Innate Abilities, Weirdness & Mutations

((You are very nimble when in or above water. (Stealth+, EV+, Speed+++)))
Your lower body shifts to a powerful aquatic tail in water.


Message History

The curare-tipped dart barely misses you.
Unknown command.
You make a move on Xom's chessboard...
Sonja struggles to resist.
You feel very sick.
Unknown command.
Press: ? - help, v - describe, . - travel
Here: Sonja, wielding a +1 dagger of distortion and quivering curare-tipped darts The floor.
Unknown command.
You make a move on Xom's chessboard...
Sonja twists and deforms.
You feel very sick. Sonja hits you but does no damage.
Space warps horribly around you! Sonja barely misses you.
Sonja hits you but does no damage. Space warps around you.
Sonja hits you but does no damage. Space warps around you.
Sonja hits you with a +1 dagger of distortion.
Sonja hits you but does no damage. Space warps around you.
Unknown command.
Unknown command.
You make a move on Xom's chessboard...
Sonja seems to speed up.
You feel sick.
Sonja hits you but does no damage. x3; Space warps horribly around you!
* * * LOW HITPOINT WARNING * * *
Sonja hits you but does no damage. Space warps around you.
* * * LOW HITPOINT WARNING * * *
Sonja hits you but does no damage.
Sonja hits you with a +1 dagger of distortion.
* * * LOW HITPOINT WARNING * * *
Space warps around you.
* * * LOW HITPOINT WARNING * * *
Sonja hits you but does no damage. Sonja misses you. Sonja closely misses you.
Unknown command.
Blink to where?
Press: ? - help, Dir - move target, p - Sonja
As you read the scroll of blinking, it crumbles to dust.
You feel sick.
Sonja throws a curare-tipped dart.
The curare-tipped dart hits you.
You are more poisoned.
You have difficulty breathing.
You die...
Your body crumbles into a pile of gold. $$$$$

$ ▓▓▓▓▓▓▓▓▓▓▓▓▓▓▓
▓......§K.....(
▓@▓▓▓▓▓▓▓▓▓▓▓▓▓▓▓▓
▓....'..[[[[..'...
▓▓▓▓▓▓▓▓▓▓▓▓▓▓▓▓▓▓
▓.................
▓.▓▓▓▓▓▓▓▓▓▓▓▓▓▓▓▓
▓..'...)..'....).)
▓▓▓▓▓▓▓▓▓▓▓▓▓▓▓▓▓▓


You could see Sonja (fast, misshapen).

Vanquished Creatures
  2 hydras (D)
  A death yak (D)
  A slime creature (D)
  An elephant (D)
  2 black mambas (D)
  A komodo dragon (D)
  2 polar bears (D)
  A wyvern (D)
  A shadow (D)
  3 yaks (D)
  A basilisk (D)
  5 water moccasins (D)
  An acid dragon (D)
  An orc warrior (D)
  7 black bears (D)
  An ogre (D)
  A centaur (D)
  A wolf (D)
  4 bullfrogs (D)
  A wight (D)
  A killer bee (D)
  An orc (D)
  A hobgoblin (D)
  2 quokkas (D)
  3 bats (D)
  A frilled lizard (D)
47 creatures vanquished.

Notes
Turn   | Place    | Note
-------+----------+-------------------------------------------
     0 | D        | mhtbhm the Merfolk Gladiator began the quest for the Orb.
     0 | D        | Reached XP level 1. HP: 16/16 MP: 1/1
    22 | D        | Noticed an ogre
    22 | D        | Noticed a black bear
    31 | D        | Reached skill level 5 in Polearms
    32 | D        | Reached skill level 5 in Dodging
    32 | D        | Reached XP level 2. HP: 23/23 MP: 2/2
    35 | D        | Killed a black bear
    36 | D        | Reached skill level 8 in Polearms
    36 | D        | Reached skill level 1 in Armour
    36 | D        | Reached XP level 3. HP: 27/30 MP: 3/3
    36 | D        | Reached XP level 4. HP: 33/37 MP: 4/4
    42 | D        | Killed an ogre
    43 | D        | Reached skill level 10 in Polearms
    43 | D        | Reached XP level 5. HP: 26/43 MP: 5/5
   138 | D        | Found a snail-covered altar of Cheibriados.
   138 | D        | Found a shadowy altar of Dithmenos.
   138 | D        | Found a white marble altar of Elyvilon.
   138 | D        | Found a blossoming altar of Fedhas.
   138 | D        | Found an opulent altar of Gozag.
   139 | D        | Found a hazy altar of Hepliaklqana.
   140 | D        | Found a viscous altar of Jiyva.
   141 | D        | Found an ancient bone altar of Kikubaaqudgha.
   142 | D        | Found a corrupted altar of Lugonu.
   143 | D        | Found a burning altar of Makhleb.
   144 | D        | Found a sparkling altar of Nemelex Xobeh.
   145 | D        | Found an iron altar of Okawaru.
   146 | D        | Became a worshipper of Gozag Ym Sagoz the Greedy
   147 | D        | Found a stormy altar of Qazlal.
   148 | D        | Found a sacrificial altar of Ru.
   149 | D        | Found a shimmering blue altar of Sif Muna.
   150 | D        | Found a bloodstained altar of Trog.
   151 | D        | Found a hide-covered altar of Uskayaw.
   152 | D        | Found a radiant altar of Vehumet.
   153 | D        | Found an ornate altar of the Wu Jian Council.
   154 | D        | Found a shimmering altar of Xom.
   155 | D        | Found a basalt altar of Yredelemnul.
   156 | D        | Found a glowing silver altar of Zin.
   157 | D        | Found a glowing golden altar of the Shining One.
   232 | D        | Noticed a yak
   232 | D        | Noticed a yak
   232 | D        | Noticed an orc warrior
   232 | D        | Noticed an acid dragon
   349 | D        | Killed an acid dragon
   350 | D        | Reached skill level 5 in Fighting
   350 | D        | Reached skill level 11 in Polearms
   350 | D        | Reached XP level 6. HP: 23/51 MP: 6/6
   352 | D        | Killed a yak
   353 | D        | Reached skill level 12 in Polearms
   353 | D        | Reached skill level 10 in Dodging
   353 | D        | Reached XP level 7. HP: 27/58 MP: 7/7
   357 | D        | Reached skill level 13 in Polearms
   357 | D        | Killed a yak
   358 | D        | Reached skill level 14 in Polearms
   358 | D        | Reached skill level 1 in Evocations
   520 | D        | Noticed a shadow
   520 | D        | Noticed an eight-headed hydra
   520 | D        | Noticed a basilisk
   520 | D        | Noticed a slime creature
   520 | D        | Noticed a slime creature
   529 | D        | Killed a basilisk
   529 | D        | Killed a shadow
   530 | D        | Reached skill level 15 in Polearms
   530 | D        | Reached skill level 5 in Stealth
   530 | D        | Reached XP level 8. HP: 37/68 MP: 8/8
   532 | D        | Killed a large slime creature
   533 | D        | Reached skill level 16 in Polearms
   559 | D        | Killed an 18-headed hydra
   560 | D        | Reached skill level 17 in Polearms
   560 | D        | Reached XP level 9. HP: 23/76 MP: 9/9
   906 | D        | Noticed an elephant
   906 | D        | Noticed a death yak
   908 | D        | Noticed a five-headed hydra
   927 | D        | Killed a death yak
   928 | D        | Reached skill level 10 in Fighting
   928 | D        | Reached skill level 18 in Polearms
   928 | D        | Reached skill level 5 in Armour
   949 | D        | Killed an elephant
   950 | D        | Reached skill level 19 in Polearms
   950 | D        | Reached XP level 10. HP: 63/86 MP: 10/10
   971 | D        | Killed a 13-headed hydra
   972 | D        | Reached skill level 5 in Evocations
  1017 | D        | Noticed a black mamba
  1017 | D        | Noticed a black mamba
  1037 | D        | Killed a black mamba
  1041 | D        | Killed a black mamba
  1068 | D        | Reached skill level 20 in Polearms
  1072 | D        | Reached skill level 10 in Stealth
  1262 | D        | Reached XP level 11. HP: 93/98 MP: 11/11
  1314 | D        | Noticed Sonja
  1323 | D        | Asphyxiated

Illustrated notes

Levels and vault maps discovered:
D:        linesprint [early_d, line_temple, items_1, d_10, items_2, lair_1,
          lair_end, items_3, orc_1, orc_end, items_4, d_15, swamp_1, shoals_1,
          snake_1, spider_1, d_20, vaults_1, items_5, swamp_end, shoals_end,
          snake_end, spider_end, vaults_end, d_27, items_6, zot_1, zot_end,
          crypt_end, forest_end, elf_end, slime_end, tomb_end, abyss_end,
          pan_hell_end]

Skill      XL: |  1  2  3  4  5  6  7  8  9 10 11 |
---------------+----------------------------------+-----
Polearms       | 5 8 10 11 12 15 17 19 20 | 20.3
Dodging        | 5 7 8 9 10 11 12 | 12.7
Fighting       | 4 5 6 7 9 10 13 | 13.2
Throwing       | 3 4 |  4.7
Armour         | 1 2 3 4 5 6 |  6.2
Stealth        | 2 3 4 5 6 7 10 11 | 11.0
Evocations     | 2 3 4 5 |  5.8

Action                   |  1- 3 |  4- 6 |  7- 9 | 10-12 || total
-------------------------+-------+-------+-------+-------++-------
Melee: Trident           |    22 |     6 |       |       ||    28
       Halberd           |       |     4 |    65 |    94 ||   163
Throw: Javelin           |       |       |     1 |       ||     1
       Throwing net      |       |       |       |     3 ||     3
Invok: Potion Petition   |       |       |       |     1 ||     1
Evoke: Wand              |       |     3 |     7 |       ||    10
       Piece from Xom's  |       |       |       |     5 ||     5
  Use: Potion            |     1 |       |     1 |       ||     2
       Scroll            |       |       |       |     1 ||     1
 Stab: Sleeping          |     2 |       |       |       ||     2
       Distracted        |       |       |     3 |     5 ||     8
       Paralysed         |       |       |       |     3 ||     3
Armor: Leather armour    |     6 |       |       |       ||     6
       Chain mail        |       |     5 |    17 |    40 ||    62
Dodge: Dodged            |     8 |     4 |    13 |    28 ||    53

Table legend: (Time is in decaauts)
 A = Elapsed time spent in this place.
 B = Non-inter-level travel time spent in this place.
 C = Inter-level travel time spent in this place.
 D = Time resting spent in this place.
 E = Time spent auto-exploring this place.
 F = Levels seen in this place.
 G = Mean time per level.
                   A        B        C        D        E       F      G
               +--------+--------+--------+--------+--------+-----+--------+
         Total |   1255 |   1255 |      0 |    516 |    316 |   1 | 1255.0 |
       Dungeon |   1255 |   1255 |      0 |    516 |    316 |   1 | 1255.0 |
               +--------+--------+--------+--------+--------+-----+--------+

Top non-repeatable levels by time:
       D: 1255 daAuts
